AoeStats
← Boost'Hate John

QS Arena

503608396Analyzed
4v4 RM · 1mo ago on Sep 1, 2026· 52m 42s· 8 players
Game mode
Random Map
Map size
Large (8 player)
Population
200
Speed
Normal
Resources
Standard
Victory
Conquest
Starting age
Dark Age
Ending age
Imperial Age
RankedLock teamsTeams togetherTeam positionsShared explorationLock speedFull tech treeHidden civsTurbo modeCheats
Victory
Defeat
🇫🇷 Malay · France
1876
+9
🇫🇷 Ethiopians · France
1776
+13
🇫🇷 Sicilians · France
1721
+15
🇫🇷 Koreans · France
1677
+17
🇭🇰 Dravidians · Hong Kong SAR China
1717
-14
🇨🇳 Vikings · China
1711
-14
🇩🇰 Tupi · Denmark
1705
-13
🇭🇰 Maya · Hong Kong SAR China
1677
-12
CristinaLover
7:38 Feudal Age
8:46 Double-Bit Axe
11:34 Castle Age
9:55 Horse Collar
12:40 Bow Saw
14:00 Heavy Plow
16:22 Loom
18:30 Wheelbarrow
19:17 Gold Mining
23:05 Gold Shaft Mining
22:24 Stone Mining
25:19 Imperial Age
22:37 Loom
23:28 Hand Cart
23:25 Scale Mail Armor
23:36 Forging
24:06 Champi Runner
24:54 Squires
24:40 Arson
24:51 Champi Warrior
25:53 Chain Mail Armor
26:16 Iron Casting
25:29 Capped Ram
25:52 Pikeman
26:00 Elite Champi Warrior
27:17 Plate Mail Armor
29:56 Caciques
30:12 Conscription
33:05 Curare
32:54 Fletching
34:05 Chemistry
33:28 Ballistics
34:09 Chemistry
33:16 Elite Blackwood Archer
34:19 Bodkin Arrow
34:27 Padded Archer Armor
34:05 Halberdier
35:42 Bracer
35:26 Treadmill Crane
35:34 Siege Ram
40:57 Leather Archer Armor
41:15 Coinage
40:37 Town Watch
41:55 Hoardings
43:29 Murder Holes
45:26 Banking
46:03 Two-Man Saw
51:47 Ring Archer Armor
这条小鱼谁在乎
8:24 Feudal Age
11:55 Castle Age
10:04 Double-Bit Axe
10:16 Horse Collar
13:00 Bow Saw
15:28 Loom
26:09 Imperial Age
25:28 Gold Mining
25:06 Crossbowman
25:54 Fletching
26:37 Fletching
28:03 Chemistry
27:24 Ballistics
27:59 Bodkin Arrow
28:04 Padded Archer Armor
46:34 Padded Archer Armor
47:40 Bracer
47:56 Leather Archer Armor
47:34 Elite Skirmisher
49:54 Ring Archer Armor
52:07 Scale Mail Armor
52:18 Forging
压力我的是猪
8:05 Feudal Age
12:02 Castle Age
9:53 Double-Bit Axe
10:16 Horse Collar
13:28 Bow Saw
13:54 Heavy Plow
16:04 Loom
22:00 Scale Mail Armor
22:38 Forging
23:33 Wheelbarrow
24:29 Iron Casting
25:24 Gold Mining
25:24 Stone Mining
25:04 Eagle Warrior
26:01 Chain Mail Armor
26:04 Squires
30:18 Imperial Age
27:36 Pikeman
28:04 Arson
28:37 Hand Cart
30:50 Fletching
30:25 Halberdier
30:31 Elite Eagle Warrior
31:49 Plate Mail Armor
33:58 Blast Furnace
32:49 Fletching
33:30 Fletching
35:03 Holcans
35:52 Bodkin Arrow
37:31 Fortified Wall
38:09 Bracer
38:10 Padded Archer Armor
39:11 Chemistry
38:31 Ballistics
38:57 Thumb Ring
38:12 Crossbowman
38:38 Treadmill Crane
39:09 Masonry
40:05 Leather Archer Armor
39:24 Arbalester
40:47 Elite Skirmisher
43:38 Ring Archer Armor
46:45 Murder Holes
pigpig_aoe
4:39 Loom
9:03 Feudal Age
13:01 Castle Age
11:31 Double-Bit Axe
12:24 Horse Collar
14:35 Bow Saw
19:20 Wheelbarrow
20:00 Town Watch
20:16 Gold Mining
21:01 Stone Mining
22:52 Hand Cart
26:26 Imperial Age
24:22 Fletching
24:32 Scale Mail Armor
24:58 Ballistics
24:56 Padded Archer Armor
25:26 Bodkin Arrow
26:27 Leather Archer Armor
26:32 Elite Elephant Archer
27:19 Thumb Ring
27:15 Bracer
28:42 Chemistry
28:33 Ring Archer Armor
29:01 Medical Corps
29:41 Husbandry
30:20 Heavy Plow
30:51 Conscription
30:43 Masonry
31:21 Coinage
33:45 Guilds
34:07 Banking
34:28 Hoardings
45:18 Gambesons
44:53 Man-at-Arms
45:34 Squires
45:19 Arson
45:35 Scale Mail Armor
45:45 Forging
47:04 Wootz Steel
47:00 Chain Mail Armor
46:08 Long Swordsman
47:19 Two-Handed Swordsman
48:31 Plate Mail Armor
47:59 Champion
49:17 Iron Casting
52:10 Blast Furnace
Beauvéro
8:30 Feudal Age
12:12 Castle Age
11:00 Horse Collar
14:18 Wheelbarrow
13:47 Loom
13:57 Double-Bit Axe
14:54 Heavy Plow
18:55 Bow Saw
20:27 Hand Cart
21:02 Gold Mining
26:22 Imperial Age
24:05 Scale Barding Armor
24:42 Forging
25:16 Gold Shaft Mining
25:38 Chain Barding Armor
25:45 Bloodlines
25:37 Husbandry
26:14 Iron Casting
26:39 Stone Mining
26:59 Cavalier
28:16 Plate Barding Armor
28:51 Hauberk
31:33 Blast Furnace
33:09 Scale Mail Armor
34:45 Chain Mail Armor
35:14 First Crusade
36:58 Elite Serjeant
38:07 Fletching
38:55 Hoardings
39:23 Chemistry
38:44 Ballistics
38:39 Masonry
39:55 Squires
40:27 Plate Mail Armor
41:20 Conscription
40:59 Bodkin Arrow
42:19 Bracer
42:07 Arrowslits
44:10 Caravan
44:35 Light Cavalry
48:29 Murder Holes
51:17 Arson
Boost'Hate John
8:36 Feudal Age
8:28 Double-Bit Axe
8:23 Horse Collar
14:41 Castle Age
15:33 Bow Saw
20:56 Wheelbarrow
20:48 Heavy Plow
21:47 Loom
22:22 Hand Cart
22:15 Gold Mining
22:17 Stone Mining
26:11 Imperial Age
23:28 Crossbowman
24:33 Fletching
25:07 Thumb Ring
25:13 Padded Archer Armor
25:12 Bodkin Arrow
25:40 Ballistics
26:43 Chemistry
26:02 Bracer
26:41 Crop Rotation
26:04 Elite Skirmisher
27:19 Conscription
27:01 Padded Archer Armor
26:31 Man-at-Arms
26:56 Arbalester
29:21 Siege Engineers
30:47 Forging
29:58 Long Swordsman
31:04 Squires
31:10 Forced Levy
31:00 Two-Handed Swordsman
33:41 Iron Casting
34:20 Leather Archer Armor
36:52 Ring Archer Armor
37:23 Blast Furnace
46:11 Arson
49:28 Coinage
50:48 Banking
scorpion145
8:34 Feudal Age
9:19 Double-Bit Axe
9:34 Horse Collar
12:09 Castle Age
12:13 Light Cavalry
13:39 Bow Saw
13:51 Man-at-Arms
15:33 Man-at-Arms
19:07 Heavy Plow
21:56 Wheelbarrow
25:53 Imperial Age
24:19 Hand Cart
23:59 Loom
24:16 Scale Mail Armor
24:27 Squires
25:26 Chain Mail Armor
26:02 Gold Mining
26:33 Forging
26:20 Onager
27:18 Halberdier
28:09 Heavy Scorpion
29:37 Plate Mail Armor
30:01 Ballistics
31:41 Siege Engineers
31:07 Halberdier
32:53 Gold Shaft Mining
34:40 Chemistry
34:21 Torsion Engines
35:29 Stone Mining
36:42 Two-Man Saw
36:24 Iron Casting
36:47 Coinage
38:42 Blast Furnace
38:29 Banking
38:00 Caravan
38:17 Town Watch
42:45 Conscription
42:37 Siege Onager
46:10 Arson
kitchiro
8:44 Feudal Age
10:14 Loom
12:49 Castle Age
10:45 Horse Collar
11:19 Double-Bit Axe
14:09 Bow Saw
16:40 Fletching
19:05 Bodkin Arrow
27:54 Imperial Age
26:24 Gold Mining
28:38 Bracer
34:15 Conscription
34:18 Ballistics
35:22 Wheelbarrow
38:38 Chemistry
39:30 Heavy Plow
43:44 Husbandry
45:24 Gold Shaft Mining
44:39 Stone Mining
46:41 Two-Man Saw
46:03 Guilds
45:54 Caravan
46:24 Coinage
47:11 Elite War Wagon
52:14 Arrowslits
52:41 Masonry
Connection lost

Rejoining the realm…

Still unreachable

The connection could not be restored.

Session expired

The server has moved on; the page needs a fresh start.